 Dungeon Crawl Stone Soup version 0.31-a0-185-g9dded2c639 (webtiles) character file.

Game seed: 8321741454623304864

30 qw the Shooter (level 3, 0/20 HPs)
             Began as a Deep Elf Hunter on June 22, 2023.
             Succumbed to an adder's poison
             ... on level 2 of the Dungeon.
             The game lasted 00:00:18 (741 turns).

qw the Shooter (Deep Elf Hunter)                     Turns: 741, Time: 00:00:19

Health: 0/20       AC:  5    Str: 10    XL:     3   Next: 5%
Magic:  5/5        EV: 12    Int: 16    God:
Gold:   36         SH:  0    Dex: 18    Spells: 2/2 levels left

rFire   . . .        Y - +0 shortbow
rCold   . . .        (shield currently unavailable)
rNeg    . . .        c - +0 leather armour
rPois   .            g - +1 helmet {Int+3}
rElec   .            (no cloak)
rCorr   .            (no gloves)
SInv    .            (no boots)
Will    .....        (no amulet)
Stlth   ++           (no ring)
HPRegen 0.23/turn    (no ring)
MPRegen 0.09/turn

%: no passive effects
@: lethally poisoned (0 -> -8)
A: no striking features
a: no special abilities


You were on level 2 of the Dungeon.
You visited 1 branch of the dungeon, and saw 2 of its levels.

You collected 36 gold pieces.


   Skills:
 - Level 1.5 Fighting
 + Level 6.6 Ranged Weapons
 - Level 2.4 Dodging
 - Level 1.2 Stealth


You had 2 spell levels left.
You didn't know any spells.
Your spell library was empty.

Inventory:

Hand Weapons
 Y - a +0 shortbow (weapon)
Armour
 c - a +0 leather armour (worn)
 g - a +1 helmet of intelligence (worn)
Scrolls
 l - a scroll of identify
Potions
 d - a potion of ambrosia {unknown}
 h - a potion of mutation {unknown}
 j - a potion of berserk rage {unknown}
 k - a potion of haste {unknown}
 m - a potion of degeneration {unknown}
 n - a potion of curing

Dungeon Overview and Level Annotations

Branches:
Dungeon (2/15)

Altars:


Message History

You shoot an arrow.
The arrow hits the quokka but does no damage.
The quokka is almost dead.
The quokka barely misses you. The adder barely misses you.
You shoot an arrow. The arrow hits the quokka.
You kill the quokka!
The adder bites you.
You are poisoned.
The adder poisons you! The adder bites you but does no damage.
You shoot an arrow. The arrow barely misses the adder.
You feel sick. The adder misses you.
You shoot an arrow. The arrow misses the adder.
You feel sick. The adder bites you.
You are more poisoned.
The adder poisons you!
A kobold comes into view. It is wielding a +0 short sword.
The adder bites you but does no damage.
You shoot an arrow. The arrow misses the adder.
The kobold shouts!
You feel sick.
A quokka comes into view.
The kobold throws a stone.
The stone hits you. The adder closely misses you.
You shoot an arrow. The arrow barely misses the adder.
You feel sick. The adder bites you but does no damage.
The kobold throws a stone.
The stone hits you.
You shoot an arrow. The arrow closely misses the adder.
You feel sick. The adder bites you but does no damage.
The adder closely misses you.
You shoot an arrow. The arrow hits the adder.
The adder is almost dead.
You feel sick. The adder barely misses you.
You shoot an arrow. The arrow closely misses the adder.
You feel sick. The adder bites you.
You are more poisoned.
The adder poisons you!
The quokka bites you but does no damage.
The adder bites you but does no damage.
You shoot an arrow. The arrow hits the adder!
You kill the adder!
You die...

.. ##.. ##.>.
...# ... # ##.#
...
...#####).#.....
...K..r@<...#
#.........###
#.........#
..........#
.#........#
#.........
#..$......#
#.........#


You could see a quokka and a kobold.

Vanquished Creatures
  An adder (D:2)
  5 ball pythons (D:1)
  An endoplasm (D:1)
  3 goblins (D:1)
  4 hobgoblins (D:1)
  2 jackals (D:1)
  2 kobolds
  A quokka (D:2)
  4 bats (D:1)
  A frilled lizard (D:1)
  3 rats
27 creatures vanquished.

Notes
Turn   | Place    | Note
-------+----------+-------------------------------------------
     0 | D:1      | qw the Deep Elf Hunter began the quest for the Orb.
     0 | D:1      | Reached XP level 1. HP: 12/12 MP: 3/3
     0 | D:1      | 0 ||| qw: Version: 0.3-a-9-g12657ce
     0 | D:1      | 0 ||| qw: Game counter: 1883
     0 | D:1      | 0 ||| qw: Always use a shield: true
     0 | D:1      | 0 ||| qw: God list: Okawaru
     0 | D:1      | 0 ||| qw: Allow faded altars: false
     0 | D:1      | 0 ||| qw: Do Orc after D:15 true
     0 | D:1      | 0 ||| qw: Do second Lair branch before Depths: true
     0 | D:1      | 0 ||| qw: Lair rune preference: random
     0 | D:1      | 0 ||| qw: Plans: Normal
     0 | D:1      | 0 ||| PLANNING D:1-11
    64 | D:1      | Reached XP level 2. HP: 16/16 MP: 4/4
    70 | D:1      | Reached skill level 6 in Ranged Weapons
   674 | D:1      | 674 ||| UPGRADING to +1 helmet of intelligence.
   679 | D:1      | 679 ||| READING scroll labelled NYTUENAADGH.
   680 | D:1      | 680 ||| READING scroll labelled HIUVAON MEECOR.
   681 | D:1      | 681 ||| READING 2 scrolls labelled DITYZIDYUSK.
   682 | D:1      | 682 ||| DRINKING 2 metallic grey potions.
   683 | D:1      | 683 ||| DRINKING 2 clear potions.
   684 | D:1      | 684 ||| DROPPING scroll of butterflies.
   685 | D:1      | 685 ||| DROPPING potion of invisibility.
   724 | D:2      | Reached XP level 3. HP: 20/20 MP: 5/5
   737 | D:2      | HP: 5/20 [kobold/stone (1)]
   740 | D:2      | HP: 2/20 [adder (1)]
   741 | D:2      | Succumbed to an adder's poison

Levels and vault maps discovered:
D:1:      moated_graveyard_arrival, layout_rooms, nicolae_hexahallways
D:2:      layout_rooms, basic_altar

Skill      XL: |  1  2 |
---------------+-------+-----
Ranged Weapons | 6 |  6.6
Fighting       | |  1.5
Dodging        | |  2.4
Stealth        | |  1.2

Action                     || total
---------------------------++-------
   Fire: Shortbow          ||    58
    Use: Scroll            ||     3
         Potion            ||     2
 Armour: Leather armour    ||     7
  Dodge: Dodged            ||    16

Table legend:
 A = Non-vault XP
 B = Vault XP
 C = Vault XP percentage of total XP
 D = Non-vault monster count
 E = Vault monster count
 F = Vault count percentage of total count
                 A         B        C        D         E       F
            +---------+---------+-------+---------+---------+-------
      Total |      57 |       0 |   0.0 |      27 |       0 |   0.0
            +---------+---------+-------+---------+---------+-------
        D:1 |      40 |       0 |   0.0 |      23 |       0 |   0.0
        D:2 |      17 |       0 |   0.0 |       4 |       0 |   0.0
            +---------+---------+-------+---------+---------+-------
